[ AOE2 MATCH · #478315108 ]
UnrankedMalians vs Bengalis
[ REPLAY ANALYSIS · EXTRACTED FROM THE RECORDED GAME ]
Feudal
13:35
Castle
25:56
Imperial
42:03
| APM avg | 23.6 |
| APM peak | 51 |
| eAPM avg | 13.0 |
| Villagers / military | 95 / 319 |
Focus
⚔️ 40.8% · 🌾 59.2%
Archer ×121 · Scout Cavalry ×100 · Militia ×52 · Skirmisher ×20 · Gbeto ×19 · Trebuchet (Packed) ×4
Feudal
13:09
Castle
23:38
Imperial
—
| APM avg | 27.0 |
| APM peak | 81 |
| eAPM avg | 15.5 |
| Villagers / military | 124 / 72 |
Focus
⚔️ 23.8% · 🌾 76.2%
Skirmisher ×49 · Ratha (Ranged) ×10 · Archer ×6 · Militia ×5 · Spearman ×2
Feudal
13:51
Castle
17:28
Imperial
46:36
| APM avg | 45.9 |
| APM peak | 105 |
| eAPM avg | 21.5 |
| Villagers / military | 203 / 92 |
Focus
⚔️ 36.3% · 🌾 63.7%
Mangudai ×82 · Scout Cavalry ×5 · Trebuchet (Packed) ×3 · Mangonel ×1 · Battering Ram ×1
Feudal
12:47
Castle
16:25
Imperial
41:48
| APM avg | 69.0 |
| APM peak | 141 |
| eAPM avg | 32.2 |
| Villagers / military | 179 / 249 |
Focus
⚔️ 38.6% · 🌾 61.4%
Skirmisher ×190 · Conquistador ×44 · Trebuchet (Packed) ×14 · Petard ×1
Feudal
12:40
Castle
25:09
Imperial
43:55
| APM avg | 38.3 |
| APM peak | 79 |
| eAPM avg | 12.0 |
| Villagers / military | 92 / 88 |
Focus
⚔️ 35.1% · 🌾 64.9%
Knight ×81 · Scout Cavalry ×4 · Battering Ram ×3
Feudal
14:15
Castle
18:14
Imperial
40:21
| APM avg | 33.7 |
| APM peak | 74 |
| eAPM avg | 17.0 |
| Villagers / military | 151 / 223 |
Focus
⚔️ 39.0% · 🌾 61.0%
Mangudai ×221 · Monk ×1 · Trebuchet (Packed) ×1
Match map
Initial resources + every placement click. Lines = walls · curves = elevation contours. ◆ gold · ⬟ stone · ● berries · ✦ relic · ◌ wall gap
Your base· Open — 11t gap
miguel_carl7s's base· Open — 11t gap
Quando's base· Open — unwalled flank
1811.furia's base· Open — unwalled flank
Fr4ggi's base· Open — 11t gap
AAOMPY's base· Open — unwalled flank
Smoothed initial terrain · ◌ = detected wall gap · hover for details
Inputs per minute
— PJtheDcoy - - miguel_carl7s
Build order — PJtheDcoy
First 150 of 375 actions detected
| 0:48 | Build | Town Center |
| 2:46 | Build | House |
| 2:53 | Queue | Villager (Male) |
| 2:53 | Queue | Villager (Male) |
| 2:53 | Queue | Villager (Male) |
| 2:54 | Queue | Villager (Male) |
| 3:05 | Build | House |
| 4:10 | Queue | Villager (Male) |
| 4:44 | Queue | Villager (Male) |
| 5:23 | Queue | Villager (Male) |
| 5:57 | Queue | Villager (Male) |
| 6:14 | Queue | Villager (Male) |
| 7:05 | Queue | Villager (Male) |
| 7:05 | Queue | Villager (Male) |
| 7:06 | Queue | Villager (Male) |
| 7:06 | Queue | Villager (Male) |
| 7:06 | Queue | Villager (Male) |
| 7:48 | Research | Loom |
| 7:51 | Queue | Villager (Male) |
| 7:51 | Queue | Villager (Male) |
| 7:55 | Build | House |
| 8:05 | Build | Lumber Camp |
| 8:08 | Queue | Villager (Male) |
| 8:08 | Queue | Villager (Male) |
| 8:21 | Build | Palisade Wall |
| 8:25 | Build | House |
| 8:57 | Queue | Villager (Male) |
| 8:57 | Queue | Villager (Male) |
| 9:20 | Build | House |
| 9:21 | Build | Palisade Wall |
| 9:35 | Build | House |
| 10:24 | Build | Palisade Wall |
| 10:53 | Build | Mill |
| 10:57 | Queue | Villager (Male) |
| 11:13 | Queue | Villager (Male) |
| 11:25 | Research | Feudal Age |
| 11:33 | Build | Mining Camp |
| 12:34 | Queue | Villager (Male) |
| 12:34 | Queue | Villager (Male) |
| 13:01 | Build | Barracks |
| 13:14 | Build | House |
| 13:35 | Age | Feudal Age |
| 13:40 | Research | Double-Bit Axe |
| 14:10 | Build | Archery Range |
| 14:17 | Queue | Villager (Male) |
| 14:18 | Queue | Villager (Male) |
| 14:52 | Queue | Villager (Male) |
| 14:53 | Queue | Villager (Male) |
| 14:56 | Queue | Archer |
| 14:56 | Queue | Archer |
| 15:07 | Build | Palisade Wall |
| 15:10 | Build | Archery Range |
| 15:11 | Build | Palisade Wall |
| 15:26 | Queue | Villager (Male) |
| 15:26 | Queue | Villager (Male) |
| 15:37 | Build | House |
| 15:39 | Build | House |
| 16:08 | Build | Mill |
| 16:15 | Build | Blacksmith |
| 16:18 | Queue | Archer |
| 16:28 | Queue | Archer |
| 16:29 | Queue | Archer |
| 16:43 | Queue | Villager (Male) |
| 17:01 | Build | Palisade Gate |
| 17:03 | Build | Palisade Wall |
| 17:18 | Queue | Villager (Male) |
| 17:19 | Queue | Villager (Male) |
| 17:22 | Queue | Archer |
| 17:22 | Queue | Archer |
| 17:24 | Research | Fletching |
| 17:24 | Research | Padded Archer Armor |
| 17:37 | Queue | Archer |
| 17:38 | Queue | Archer |
| 17:39 | Queue | Archer |
| 18:09 | Research | Horse Collar |
| 18:19 | Build | House |
| 18:46 | Build | House |
| 18:48 | Build | Palisade Wall |
| 18:59 | Build | Palisade Gate |
| 19:03 | Build | Palisade Wall |
| 19:14 | Queue | Villager (Male) |
| 19:15 | Queue | Villager (Male) |
| 19:54 | Queue | Villager (Male) |
| 19:55 | Queue | Villager (Male) |
| 20:51 | Build | Palisade Wall |
| 20:52 | Build | House |
| 21:01 | Build | House |
| 21:05 | Build | House |
| 21:17 | Queue | Villager (Male) |
| 21:48 | Research | Wheelbarrow |
| 22:00 | Queue | Archer ×5 |
| 22:00 | Queue | Archer |
| 22:20 | Build | Farm |
| 23:02 | Build | Market |
| 23:07 | Build | Farm |
| 23:08 | Build | Farm |
| 23:09 | Build | Farm |
| 23:10 | Build | Farm |
| 23:16 | Research | Castle Age |
| 23:19 | Queue | Archer |
| 23:19 | Queue | Archer |
| 24:39 | Build | Farm |
| 24:40 | Build | Farm |
| 24:41 | Build | Farm |
| 24:42 | Build | Farm |
| 24:48 | Build | Farm |
| 24:49 | Build | Farm |
| 25:33 | Build | House |
| 25:33 | Build | House |
| 25:45 | Research | Stone Mining |
| 25:56 | Age | Castle Age |
| 26:01 | Research | Crossbowman (upgrade) |
| 26:03 | Research | Bodkin Arrow |
| 26:08 | Build | University |
| 26:14 | Build | Town Center |
| 26:36 | Build | Farm |
| 26:39 | Queue | Villager (Male) |
| 26:39 | Queue | Villager (Male) |
| 26:47 | Research | Ballistics |
| 26:49 | Queue | Archer |
| 26:49 | Queue | Archer |
| 26:49 | Queue | Archer |
| 26:50 | Queue | Archer |
| 27:12 | Build | Farm |
| 27:27 | Build | Castle |
| 27:34 | Queue | Villager (Male) |
| 27:34 | Queue | Villager (Male) |
| 27:39 | Build | Farm |
| 27:41 | Build | Farm |
| 27:41 | Build | Farm |
| 28:03 | Queue | Archer |
| 28:03 | Queue | Archer |
| 28:04 | Queue | Archer |
| 28:04 | Queue | Archer |
| 28:45 | Build | Farm |
| 28:50 | Research | Bow Saw |
| 28:52 | Queue | Villager (Male) |
| 28:52 | Queue | Villager (Male) |
| 28:53 | Queue | Villager (Male) |
| 28:53 | Queue | Villager (Male) |
| 29:28 | Queue | Archer |
| 29:28 | Queue | Archer |
| 30:07 | Research | Thumb Ring |
| 30:09 | Queue | Archer |
| 30:09 | Queue | Archer |
| 30:10 | Queue | Archer |
| 30:10 | Queue | Archer |
| 31:10 | Queue | Villager (Male) ×5 |
| 31:10 | Queue | Villager (Male) ×5 |
| 31:17 | Build | Town Center |
Build order — miguel_carl7s
First 150 of 276 actions detected
| 0:24 | Build | Town Center |
| 2:20 | Build | House |
| 2:29 | Queue | Villager (Male) |
| 2:30 | Queue | Villager (Male) |
| 2:30 | Queue | Villager (Male) |
| 2:30 | Queue | Villager (Male) |
| 2:31 | Queue | Villager (Male) |
| 3:32 | Queue | Villager (Male) |
| 3:32 | Queue | Villager (Male) |
| 4:08 | Queue | Villager (Male) |
| 4:09 | Queue | Villager (Male) |
| 4:18 | Build | House |
| 4:50 | Queue | Villager (Male) |
| 5:03 | Queue | Villager (Male) |
| 5:03 | Queue | Villager (Male) |
| 5:06 | Queue | Villager (Male) |
| 5:48 | Queue | Villager (Male) |
| 5:48 | Queue | Villager (Male) |
| 5:48 | Queue | Villager (Male) |
| 6:22 | Build | Lumber Camp |
| 6:23 | Queue | Villager (Male) |
| 6:24 | Queue | Villager (Male) |
| 6:24 | Queue | Villager (Male) |
| 6:38 | Queue | Villager (Male) |
| 6:38 | Queue | Villager (Male) |
| 7:13 | Build | House |
| 7:33 | Queue | Villager (Male) |
| 7:50 | Queue | Villager (Male) |
| 8:34 | Build | Mill |
| 8:37 | Queue | Villager (Male) |
| 9:44 | Queue | Villager (Male) |
| 9:45 | Queue | Villager (Male) |
| 9:50 | Queue | Villager (Male) |
| 9:51 | Build | House |
| 10:23 | Research | Loom |
| 10:55 | Build | Barracks |
| 10:58 | Research | Feudal Age |
| 11:34 | Build | House |
| 11:44 | Queue | Militia |
| 11:44 | Queue | Militia |
| 11:58 | Queue | Villager (Male) |
| 12:10 | Build | Palisade Wall |
| 12:14 | Build | Palisade Wall |
| 12:18 | Build | Palisade Wall |
| 12:24 | Build | Palisade Gate |
| 12:40 | Queue | Militia |
| 12:58 | Queue | Villager (Male) |
| 13:09 | Age | Feudal Age |
| 13:14 | Research | Man-at-Arms (upgrade) |
| 13:34 | Build | Archery Range |
| 14:22 | Queue | Archer |
| 14:22 | Queue | Archer |
| 14:25 | Queue | Militia |
| 14:25 | Queue | Militia |
| 14:30 | Queue | Villager (Male) |
| 14:30 | Queue | Villager (Male) |
| 14:57 | Queue | Archer |
| 15:00 | Research | Town Watch |
| 15:00 | Research | Town Watch |
| 15:04 | Build | House |
| 15:07 | Build | House |
| 15:51 | Queue | Archer |
| 15:59 | Research | Double-Bit Axe |
| 15:59 | Research | Double-Bit Axe |
| 16:00 | Queue | Villager (Male) |
| 16:00 | Queue | Villager (Male) |
| 16:29 | Queue | Villager (Male) |
| 16:32 | Build | Farm |
| 16:33 | Build | Farm |
| 17:44 | Queue | Villager (Male) |
| 17:44 | Queue | Villager (Male) |
| 17:49 | Build | Farm |
| 17:50 | Build | Farm |
| 17:52 | Build | Farm |
| 17:54 | Build | Farm |
| 18:08 | Queue | Archer |
| 18:08 | Queue | Archer |
| 18:19 | Build | Market |
| 18:27 | Build | Blacksmith |
| 18:32 | Queue | Villager (Male) |
| 18:49 | Build | Watch Tower |
| 19:33 | Queue | Spearman |
| 19:33 | Queue | Spearman |
| 20:58 | Research | Castle Age |
| 23:07 | Build | House |
| 23:38 | Age | Castle Age |
| 24:25 | Build | Town Center |
| 25:07 | Queue | Villager (Male) |
| 25:07 | Queue | Villager (Male) |
| 25:08 | Queue | Villager (Male) |
| 25:53 | Build | Town Center |
| 26:57 | Build | Farm |
| 26:58 | Build | Farm |
| 27:01 | Build | Farm |
| 27:02 | Build | Farm |
| 28:11 | Queue | Villager (Male) |
| 28:17 | Queue | Villager (Male) |
| 28:51 | Build | Town Center |
| 28:52 | Queue | Villager (Male) |
| 29:03 | Queue | Villager (Male) |
| 29:10 | Build | Farm |
| 29:12 | Build | Farm |
| 29:14 | Build | Farm |
| 29:15 | Queue | Villager (Male) |
| 29:26 | Queue | Villager (Male) |
| 29:26 | Queue | Villager (Male) |
| 29:41 | Queue | Villager (Male) |
| 29:41 | Queue | Villager (Male) |
| 30:04 | Queue | Villager (Male) |
| 30:17 | Build | Farm |
| 30:30 | Queue | Villager (Male) |
| 31:07 | Queue | Villager (Male) |
| 31:09 | Queue | Villager (Male) |
| 31:10 | Queue | Villager (Male) |
| 31:12 | Queue | Villager (Male) |
| 31:17 | Build | Farm |
| 31:20 | Queue | Villager (Male) |
| 31:21 | Queue | Villager (Male) |
| 31:21 | Queue | Villager (Male) |
| 31:24 | Queue | Villager (Male) |
| 31:26 | Queue | Villager (Male) |
| 31:27 | Queue | Villager (Male) |
| 31:47 | Build | Mill |
| 31:49 | Queue | Villager (Male) |
| 31:57 | Build | Farm |
| 32:03 | Build | House |
| 32:04 | Build | House |
| 32:12 | Research | Wheelbarrow |
| 32:19 | Queue | Villager (Male) |
| 32:21 | Queue | Villager (Male) |
| 32:22 | Queue | Villager (Male) |
| 32:45 | Queue | Villager (Male) |
| 32:46 | Queue | Villager (Male) |
| 32:47 | Queue | Villager (Male) |
| 32:48 | Queue | Villager (Male) |
| 32:54 | Build | House |
| 32:56 | Build | House |
| 32:57 | Build | House |
| 32:58 | Build | House |
| 32:59 | Build | House |
| 33:00 | Build | House |
| 33:03 | Queue | Villager (Male) |
| 33:04 | Queue | Villager (Male) |
| 33:09 | Queue | Villager (Male) |
| 33:10 | Queue | Villager (Male) |
| 33:20 | Build | Town Center |
| 33:22 | Queue | Villager (Male) |
| 33:30 | Build | Farm |
| 33:31 | Build | Farm |
| 33:32 | Build | Farm |
Build order — Quando
First 150 of 406 actions detected
| 0:23 | Build | Town Center |
| 1:54 | Build | House |
| 2:28 | Queue | Villager (Male) |
| 2:28 | Queue | Villager (Male) |
| 2:28 | Queue | Villager (Male) |
| 3:15 | Queue | Villager (Male) |
| 3:58 | Research | Loom |
| 4:06 | Queue | Villager (Male) |
| 4:07 | Queue | Villager (Male) |
| 4:24 | Queue | Villager (Male) |
| 4:45 | Queue | Villager (Male) |
| 4:55 | Build | House |
| 4:57 | Queue | Villager (Male) |
| 5:02 | Build | Lumber Camp |
| 5:45 | Queue | Villager (Male) |
| 6:36 | Queue | Villager (Male) |
| 6:58 | Queue | Villager (Male) |
| 7:03 | Build | Mill |
| 7:26 | Queue | Villager (Male) |
| 7:33 | Build | House |
| 7:41 | Queue | Villager (Male) |
| 8:40 | Queue | Villager (Male) |
| 8:55 | Queue | Villager (Male) |
| 8:59 | Build | House |
| 9:08 | Queue | Villager (Male) |
| 9:15 | Build | House |
| 9:53 | Queue | Villager (Male) |
| 9:54 | Queue | Villager (Male) |
| 10:14 | Build | Mining Camp |
| 10:40 | Queue | Villager (Male) |
| 10:57 | Queue | Villager (Male) |
| 11:05 | Build | House |
| 11:21 | Research | Feudal Age |
| 12:00 | Build | Outpost |
| 12:13 | Queue | Villager (Male) |
| 12:13 | Queue | Villager (Male) |
| 12:39 | Build | Outpost |
| 13:13 | Build | Outpost |
| 13:28 | Build | House |
| 13:33 | Build | Palisade Wall |
| 13:39 | Build | Palisade Wall |
| 13:40 | Build | Palisade Wall |
| 13:44 | Build | Palisade Wall |
| 13:44 | Build | Palisade Wall |
| 13:50 | Build | Palisade Wall |
| 13:51 | Age | Feudal Age |
| 13:52 | Build | Palisade Wall |
| 13:56 | Build | Market |
| 14:02 | Build | Blacksmith |
| 14:36 | Build | House |
| 14:42 | Build | Palisade Wall |
| 14:43 | Build | Palisade Wall |
| 14:48 | Research | Castle Age |
| 14:48 | Research | Castle Age |
| 14:57 | Build | Palisade Wall |
| 15:01 | Build | Palisade Wall |
| 15:03 | Build | Palisade Wall |
| 15:12 | Queue | Villager (Male) |
| 15:26 | Build | Watch Tower |
| 15:57 | Build | Watch Tower |
| 16:04 | Build | Lumber Camp |
| 17:05 | Build | Palisade Wall |
| 17:06 | Build | Palisade Wall |
| 17:28 | Age | Castle Age |
| 17:31 | Queue | Villager (Male) |
| 17:46 | Build | Outpost |
| 18:17 | Queue | Villager (Male) |
| 18:42 | Queue | Villager (Male) |
| 19:10 | Queue | Villager (Male) |
| 19:27 | Build | House |
| 19:38 | Build | Castle |
| 19:41 | Queue | Villager (Male) |
| 19:41 | Queue | Villager (Male) |
| 19:51 | Build | Mill |
| 19:52 | Queue | Villager (Male) |
| 20:26 | Queue | Mangudai |
| 20:27 | Queue | Mangudai |
| 20:51 | Queue | Villager (Male) |
| 21:08 | Queue | Villager (Male) |
| 21:08 | Queue | Villager (Male) |
| 21:19 | Queue | Mangudai |
| 21:48 | Queue | Mangudai |
| 21:50 | Queue | Villager (Male) |
| 21:55 | Research | Fletching |
| 22:22 | Queue | Villager (Male) |
| 22:37 | Queue | Villager (Male) |
| 22:45 | Queue | Villager (Male) |
| 23:00 | Queue | Mangudai |
| 23:03 | Queue | Villager (Male) |
| 23:16 | Build | Town Center |
| 23:28 | Queue | Villager (Male) |
| 23:51 | Queue | Mangudai |
| 24:15 | Queue | Mangudai |
| 24:36 | Queue | Villager (Male) |
| 24:37 | Queue | Villager (Male) |
| 24:59 | Queue | Mangudai |
| 25:33 | Queue | Villager (Male) |
| 25:34 | Queue | Mangudai |
| 25:47 | Queue | Villager (Male) |
| 25:47 | Queue | Villager (Male) |
| 26:23 | Queue | Mangudai |
| 26:24 | Queue | Mangudai |
| 26:38 | Queue | Mangudai |
| 27:06 | Queue | Villager (Male) |
| 27:32 | Queue | Villager (Male) |
| 27:32 | Queue | Villager (Male) |
| 27:35 | Queue | Mangudai |
| 27:35 | Queue | Mangudai |
| 28:20 | Queue | Villager (Male) |
| 28:20 | Queue | Villager (Male) |
| 28:22 | Queue | Mangudai |
| 28:29 | Queue | Villager (Male) |
| 28:29 | Queue | Villager (Male) |
| 28:32 | Queue | Villager (Male) |
| 28:43 | Queue | Villager (Male) |
| 28:47 | Queue | Mangudai |
| 28:52 | Queue | Villager (Male) |
| 28:58 | Research | Town Watch |
| 29:15 | Queue | Villager (Male) |
| 29:15 | Queue | Villager (Male) |
| 29:30 | Research | Bodkin Arrow |
| 29:30 | Research | Bodkin Arrow |
| 30:10 | Queue | Villager (Male) |
| 30:10 | Queue | Villager (Male) |
| 30:11 | Queue | Mangudai |
| 30:12 | Queue | Mangudai |
| 30:40 | Queue | Villager (Male) |
| 30:40 | Queue | Villager (Male) |
| 30:41 | Queue | Villager (Male) |
| 31:04 | Queue | Mangudai |
| 31:06 | Queue | Villager (Male) |
| 31:06 | Queue | Villager (Male) |
| 31:29 | Queue | Villager (Male) |
| 31:29 | Queue | Villager (Male) |
| 31:36 | Build | House |
| 31:37 | Build | House |
| 31:48 | Queue | Villager (Male) |
| 31:49 | Queue | Mangudai |
| 31:56 | Build | Outpost |
| 32:00 | Build | House |
| 32:00 | Build | House |
| 32:15 | Queue | Villager (Male) |
| 32:19 | Build | House |
| 32:23 | Queue | Villager (Male) |
| 32:23 | Queue | Villager (Male) |
| 32:32 | Research | Padded Archer Armor |
| 32:33 | Queue | Villager (Male) |
| 32:36 | Build | Outpost |
| 32:59 | Build | House |
| 33:10 | Queue | Villager (Male) |
Build order — 1811.furia
First 150 of 651 actions detected
| 0:12 | Build | Town Center |
| 1:15 | Build | House |
| 2:17 | Queue | Villager (Male) |
| 2:17 | Queue | Villager (Male) |
| 2:17 | Queue | Villager (Male) |
| 2:17 | Queue | Villager (Male) |
| 3:53 | Queue | Villager (Male) |
| 3:53 | Queue | Villager (Male) |
| 4:07 | Build | House |
| 4:14 | Queue | Villager (Male) |
| 4:14 | Queue | Villager (Male) |
| 4:27 | Queue | Villager (Male) |
| 4:44 | Build | Lumber Camp |
| 5:00 | Queue | Villager (Male) |
| 5:01 | Queue | Villager (Male) |
| 5:24 | Queue | Villager (Male) |
| 5:24 | Queue | Villager (Male) |
| 5:56 | Queue | Villager (Male) |
| 5:57 | Queue | Villager (Male) |
| 6:06 | Build | Mill |
| 6:30 | Queue | Villager (Male) |
| 6:47 | Build | House |
| 6:51 | Queue | Villager (Male) |
| 6:51 | Queue | Villager (Male) |
| 6:53 | Queue | Villager (Male) |
| 6:53 | Queue | Villager (Male) |
| 8:15 | Queue | Villager (Male) |
| 8:15 | Queue | Villager (Male) |
| 8:16 | Queue | Villager (Male) |
| 8:22 | Build | House |
| 8:42 | Queue | Villager (Male) |
| 8:42 | Queue | Villager (Male) |
| 9:29 | Queue | Villager (Male) |
| 9:44 | Research | Loom |
| 9:44 | Research | Feudal Age |
| 10:23 | Build | Mining Camp |
| 12:47 | Age | Feudal Age |
| 12:49 | Queue | Villager (Male) |
| 12:49 | Queue | Villager (Male) |
| 12:53 | Build | Market |
| 12:56 | Build | Blacksmith |
| 13:45 | Research | Castle Age |
| 13:46 | Research | Castle Age |
| 14:10 | Build | House |
| 14:48 | Build | Palisade Wall |
| 14:52 | Build | Palisade Wall |
| 15:08 | Build | Palisade Wall |
| 15:11 | Research | Double-Bit Axe |
| 15:20 | Build | Farm |
| 15:24 | Build | Farm |
| 15:25 | Build | Farm |
| 15:42 | Build | Farm |
| 15:43 | Build | Farm |
| 16:01 | Build | Farm |
| 16:10 | Queue | Villager (Male) |
| 16:25 | Age | Castle Age |
| 16:38 | Build | Castle |
| 16:50 | Build | Palisade Wall |
| 16:53 | Build | Palisade Wall |
| 17:00 | Queue | Villager (Male) |
| 17:02 | Build | Farm |
| 17:11 | Research | Bow Saw |
| 17:23 | Queue | Villager (Male) |
| 17:39 | Build | Mining Camp |
| 17:43 | Build | Farm |
| 17:44 | Build | Farm |
| 17:47 | Queue | Villager (Male) |
| 18:03 | Queue | Conquistador |
| 18:25 | Queue | Conquistador |
| 18:41 | Research | Horse Collar |
| 18:49 | Build | Farm |
| 18:55 | Build | Farm |
| 19:05 | Queue | Conquistador |
| 19:43 | Queue | Conquistador |
| 19:51 | Build | Farm |
| 19:54 | Build | Farm |
| 19:57 | Build | Farm |
| 20:11 | Queue | Villager (Male) |
| 20:17 | Queue | Conquistador |
| 20:23 | Build | Farm |
| 20:27 | Queue | Villager (Male) |
| 20:56 | Queue | Conquistador |
| 20:56 | Queue | Conquistador |
| 21:12 | Queue | Conquistador |
| 21:15 | Queue | Villager (Male) |
| 21:19 | Build | Farm |
| 21:32 | Queue | Conquistador |
| 21:33 | Queue | Villager (Male) |
| 21:44 | Queue | Villager (Male) |
| 21:48 | Queue | Conquistador |
| 22:07 | Queue | Villager (Male) |
| 22:20 | Build | Town Center |
| 22:26 | Queue | Villager (Male) |
| 22:28 | Queue | Conquistador |
| 22:28 | Queue | Conquistador |
| 22:50 | Queue | Villager (Male) |
| 22:58 | Queue | Petard |
| 22:58 | Queue | Conquistador |
| 23:14 | Queue | Conquistador |
| 23:23 | Queue | Villager (Male) |
| 23:44 | Queue | Conquistador |
| 23:50 | Research | Padded Archer Armor |
| 23:54 | Build | Farm |
| 23:55 | Build | Farm |
| 23:55 | Build | Farm |
| 23:55 | Build | Farm |
| 23:55 | Build | Farm |
| 24:09 | Queue | Villager (Male) |
| 24:11 | Queue | Villager (Male) |
| 24:28 | Queue | Conquistador |
| 24:28 | Queue | Conquistador |
| 24:40 | Build | Farm |
| 24:41 | Queue | Villager (Male) |
| 25:10 | Research | Leather Archer Armor |
| 25:10 | Queue | Villager (Male) |
| 25:10 | Queue | Villager (Male) |
| 25:11 | Queue | Villager (Male) |
| 25:33 | Queue | Conquistador |
| 25:33 | Queue | Villager (Male) |
| 25:48 | Queue | Villager (Male) |
| 26:02 | Queue | Villager (Male) |
| 26:02 | Queue | Villager (Male) |
| 26:30 | Queue | Conquistador |
| 26:34 | Build | House |
| 26:35 | Build | House |
| 26:41 | Queue | Conquistador |
| 26:41 | Queue | Villager (Male) |
| 27:08 | Queue | Villager (Male) |
| 27:15 | Build | Town Center |
| 27:19 | Queue | Villager (Male) |
| 27:19 | Queue | Villager (Male) |
| 27:24 | Build | Farm |
| 27:25 | Build | Farm |
| 27:25 | Build | Farm |
| 27:25 | Build | Farm |
| 27:25 | Build | Farm |
| 27:28 | Queue | Villager (Male) |
| 27:28 | Queue | Villager (Male) |
| 28:06 | Queue | Conquistador |
| 28:07 | Queue | Conquistador |
| 28:16 | Build | House |
| 28:17 | Build | House |
| 28:20 | Research | Gold Mining |
| 28:22 | Queue | Villager (Male) |
| 28:23 | Queue | Villager (Male) |
| 28:23 | Queue | Villager (Male) |
| 28:23 | Queue | Villager (Male) |
| 28:42 | Build | Barracks |
| 28:45 | Build | House |
| 28:46 | Build | House |
Build order — Fr4ggi
First 150 of 279 actions detected
| 1:17 | Build | Town Center |
| 3:01 | Queue | Villager (Male) |
| 3:09 | Build | House |
| 3:47 | Queue | Villager (Male) |
| 3:48 | Queue | Villager (Male) |
| 4:14 | Queue | Villager (Male) |
| 4:19 | Queue | Villager (Male) |
| 4:49 | Queue | Villager (Male) |
| 4:56 | Build | House |
| 4:59 | Queue | Villager (Male) |
| 5:07 | Queue | Villager (Male) |
| 5:36 | Queue | Villager (Male) |
| 6:07 | Queue | Villager (Male) |
| 6:07 | Queue | Villager (Male) |
| 6:13 | Queue | Villager (Male) |
| 7:06 | Queue | Villager (Male) |
| 7:27 | Build | House |
| 8:03 | Build | Lumber Camp |
| 8:15 | Queue | Villager (Male) |
| 8:15 | Queue | Villager (Male) |
| 8:29 | Queue | Villager (Male) |
| 9:13 | Queue | Villager (Male) |
| 9:26 | Build | Mill |
| 10:33 | Queue | Villager (Male) |
| 10:34 | Queue | Villager (Male) |
| 10:37 | Research | Feudal Age |
| 10:42 | Build | Mining Camp |
| 11:14 | Build | House |
| 12:13 | Build | Barracks |
| 12:40 | Age | Feudal Age |
| 12:44 | Queue | Villager (Male) |
| 12:46 | Queue | Villager (Male) |
| 13:17 | Queue | Villager (Male) |
| 13:32 | Build | Stable |
| 13:48 | Build | House |
| 13:56 | Queue | Villager (Male) |
| 13:57 | Queue | Villager (Male) |
| 14:25 | Queue | Villager (Male) |
| 14:33 | Queue | Scout Cavalry |
| 14:50 | Research | Wheelbarrow |
| 14:59 | Queue | Villager (Male) |
| 15:27 | Queue | Scout Cavalry |
| 15:29 | Build | House |
| 15:47 | Build | Blacksmith |
| 15:50 | Queue | Villager (Male) |
| 15:51 | Queue | Villager (Male) |
| 16:19 | Build | House |
| 16:32 | Queue | Scout Cavalry |
| 16:32 | Queue | Scout Cavalry |
| 16:43 | Queue | Villager (Male) |
| 16:57 | Research | Scale Barding Armor |
| 16:58 | Research | Forging |
| 17:51 | Build | Mill |
| 18:07 | Build | House |
| 18:09 | Build | House |
| 18:16 | Research | Bloodlines |
| 18:19 | Queue | Villager (Male) |
| 18:20 | Queue | Villager (Male) |
| 19:08 | Build | Mill |
| 20:58 | Queue | Villager (Male) |
| 20:59 | Queue | Villager (Male) |
| 21:21 | Build | Stable |
| 21:33 | Build | Farm |
| 21:40 | Queue | Villager (Male) |
| 21:52 | Build | Farm |
| 22:03 | Queue | Villager (Male) |
| 22:09 | Build | Farm |
| 22:42 | Build | Farm |
| 22:43 | Research | Castle Age |
| 22:54 | Research | Horse Collar |
| 23:37 | Research | Gold Mining |
| 24:07 | Build | Mining Camp |
| 24:15 | Queue | Villager (Male) |
| 24:49 | Build | House |
| 25:09 | Age | Castle Age |
| 25:28 | Queue | Knight |
| 25:29 | Queue | Knight |
| 25:32 | Research | Chain Barding Armor |
| 25:52 | Research | Loom |
| 25:53 | Queue | Villager (Male) |
| 25:54 | Queue | Villager (Male) |
| 26:04 | Research | Husbandry |
| 26:05 | Queue | Knight |
| 26:08 | Research | Iron Casting |
| 26:25 | Build | Town Center |
| 27:07 | Build | Farm |
| 27:08 | Build | Farm |
| 27:22 | Research | Hand Cart |
| 27:42 | Queue | Knight |
| 27:42 | Queue | Knight |
| 27:49 | Queue | Villager (Male) |
| 27:49 | Queue | Villager (Male) |
| 27:50 | Queue | Villager (Male) |
| 27:50 | Queue | Villager (Male) |
| 27:56 | Build | Farm |
| 27:59 | Build | Farm |
| 28:58 | Build | Lumber Camp |
| 29:07 | Build | Farm |
| 29:08 | Build | Farm |
| 29:22 | Queue | Knight |
| 29:22 | Queue | Knight |
| 29:23 | Queue | Knight |
| 29:23 | Queue | Knight |
| 29:27 | Build | Farm |
| 30:41 | Research | Heavy Plow |
| 31:34 | Queue | Knight |
| 31:34 | Queue | Knight |
| 31:43 | Queue | Villager (Male) |
| 31:43 | Queue | Villager (Male) |
| 31:43 | Queue | Villager (Male) |
| 31:43 | Queue | Villager (Male) |
| 31:45 | Queue | Villager (Male) |
| 31:46 | Queue | Villager (Male) |
| 31:46 | Queue | Villager (Male) |
| 32:25 | Queue | Knight |
| 32:25 | Queue | Knight |
| 32:46 | Queue | Villager (Male) |
| 32:46 | Queue | Villager (Male) |
| 32:47 | Queue | Villager (Male) |
| 32:47 | Queue | Villager (Male) |
| 33:25 | Build | House |
| 33:27 | Build | House |
| 33:35 | Build | Farm |
| 33:54 | Queue | Villager (Male) |
| 33:54 | Queue | Villager (Male) |
| 34:07 | Queue | Knight |
| 34:08 | Queue | Knight |
| 34:39 | Queue | Knight |
| 34:39 | Queue | Knight |
| 34:52 | Queue | Villager (Male) |
| 34:52 | Queue | Villager (Male) |
| 34:54 | Queue | Villager (Male) |
| 34:54 | Queue | Villager (Male) |
| 35:01 | Build | Siege Workshop |
| 35:40 | Build | House |
| 35:41 | Build | House |
| 35:45 | Queue | Villager (Male) |
| 35:45 | Queue | Villager (Male) |
| 35:48 | Queue | Villager (Male) |
| 35:48 | Queue | Villager (Male) |
| 35:56 | Build | Farm |
| 36:02 | Queue | Knight |
| 36:02 | Queue | Knight |
| 36:07 | Queue | Battering Ram |
| 36:07 | Queue | Battering Ram |
| 36:20 | Build | House |
| 36:24 | Queue | Villager (Male) |
| 36:51 | Queue | Battering Ram |
| 36:54 | Build | Farm |
| 36:57 | Queue | Knight |
Build order — AAOMPY
First 150 of 450 actions detected
| 0:49 | Build | Lumber Camp |
| 0:54 | Build | Town Center |
| 1:31 | Build | House |
| 3:08 | Queue | Villager (Male) |
| 3:08 | Queue | Villager (Male) |
| 3:09 | Queue | Villager (Male) |
| 3:09 | Queue | Villager (Male) |
| 4:05 | Queue | Villager (Male) |
| 4:06 | Queue | Villager (Male) |
| 5:11 | Queue | Villager (Male) |
| 5:13 | Queue | Villager (Male) |
| 5:13 | Queue | Villager (Male) |
| 5:54 | Build | Lumber Camp |
| 6:05 | Queue | Villager (Male) |
| 6:12 | Build | House |
| 6:14 | Research | Loom |
| 6:15 | Research | Loom |
| 6:19 | Queue | Villager (Male) |
| 6:20 | Queue | Villager (Male) |
| 6:20 | Queue | Villager (Male) |
| 7:05 | Queue | Villager (Male) |
| 7:05 | Queue | Villager (Male) |
| 7:06 | Queue | Villager (Male) |
| 7:06 | Queue | Villager (Male) |
| 7:07 | Queue | Villager (Male) |
| 7:07 | Queue | Villager (Male) |
| 7:39 | Queue | Villager (Male) |
| 7:41 | Build | House |
| 8:40 | Queue | Villager (Male) |
| 8:43 | Queue | Villager (Male) |
| 8:44 | Queue | Villager (Male) |
| 9:05 | Build | Mill |
| 9:11 | Queue | Villager (Male) |
| 9:39 | Build | Palisade Wall |
| 9:55 | Build | House |
| 11:33 | Build | Mining Camp |
| 11:56 | Research | Feudal Age |
| 13:04 | Build | Mill |
| 13:42 | Build | House |
| 13:55 | Queue | Villager (Male) |
| 13:55 | Queue | Villager (Male) |
| 14:15 | Age | Feudal Age |
| 14:25 | Build | Market |
| 15:06 | Build | Blacksmith |
| 15:34 | Research | Castle Age |
| 15:35 | Research | Castle Age |
| 15:43 | Research | Double-Bit Axe |
| 17:02 | Build | Mining Camp |
| 17:35 | Queue | Villager (Male) |
| 18:14 | Age | Castle Age |
| 18:16 | Research | Bow Saw |
| 18:17 | Queue | Villager (Male) |
| 18:24 | Build | Castle |
| 18:27 | Queue | Villager (Male) |
| 18:42 | Queue | Villager (Male) |
| 19:14 | Build | Town Center |
| 19:29 | Queue | Villager (Male) |
| 19:33 | Queue | Mangudai |
| 19:33 | Queue | Mangudai |
| 19:35 | Queue | Villager (Male) |
| 20:03 | Queue | Mangudai |
| 20:04 | Queue | Villager (Male) |
| 20:25 | Build | Farm |
| 20:26 | Build | Farm |
| 20:27 | Build | Farm |
| 20:28 | Build | Farm |
| 20:30 | Queue | Villager (Male) |
| 20:34 | Queue | Mangudai |
| 20:34 | Queue | Mangudai |
| 20:36 | Queue | Villager (Male) |
| 20:40 | Queue | Villager (Male) |
| 21:05 | Build | Farm |
| 21:15 | Queue | Mangudai |
| 21:15 | Queue | Mangudai |
| 21:19 | Research | Fletching |
| 21:35 | Queue | Villager (Male) |
| 21:36 | Queue | Villager (Male) |
| 21:55 | Queue | Villager (Male) |
| 22:03 | Build | Farm |
| 22:11 | Queue | Villager (Male) |
| 22:21 | Build | Farm |
| 22:22 | Queue | Villager (Male) |
| 22:38 | Queue | Mangudai |
| 22:42 | Queue | Villager (Male) |
| 22:49 | Queue | Villager (Male) |
| 22:50 | Queue | Mangudai |
| 22:51 | Queue | Villager (Male) |
| 23:17 | Queue | Mangudai |
| 23:23 | Queue | Villager (Male) |
| 23:32 | Queue | Mangudai |
| 23:47 | Queue | Villager (Male) |
| 23:50 | Build | Farm |
| 23:52 | Research | Bodkin Arrow |
| 23:54 | Queue | Villager (Male) |
| 23:54 | Queue | Villager (Male) |
| 23:56 | Queue | Mangudai |
| 23:56 | Queue | Mangudai |
| 24:53 | Queue | Mangudai |
| 24:54 | Queue | Villager (Male) |
| 24:54 | Queue | Villager (Male) |
| 24:56 | Build | House |
| 25:45 | Queue | Mangudai |
| 25:46 | Queue | Villager (Male) |
| 26:03 | Queue | Mangudai |
| 26:03 | Queue | Mangudai |
| 26:12 | Build | Town Center |
| 26:25 | Queue | Villager (Male) |
| 26:49 | Research | Padded Archer Armor |
| 26:55 | Queue | Villager (Male) |
| 27:00 | Queue | Villager (Male) |
| 27:03 | Build | House |
| 27:25 | Queue | Villager (Male) |
| 27:36 | Queue | Villager (Male) |
| 27:36 | Queue | Villager (Male) |
| 27:45 | Build | Town Center |
| 28:10 | Queue | Villager (Male) |
| 28:11 | Queue | Villager (Male) |
| 28:11 | Queue | Villager (Male) |
| 28:15 | Queue | Villager (Male) |
| 28:15 | Queue | Villager (Male) |
| 28:25 | Queue | Mangudai |
| 28:26 | Queue | Mangudai |
| 28:27 | Queue | Villager (Male) |
| 28:27 | Queue | Villager (Male) |
| 28:28 | Queue | Villager (Male) |
| 28:34 | Research | Leather Archer Armor |
| 28:34 | Research | Leather Archer Armor |
| 28:35 | Queue | Villager (Male) |
| 28:42 | Build | House |
| 28:48 | Queue | Villager (Male) |
| 28:53 | Build | House |
| 29:01 | Build | House |
| 29:03 | Queue | Mangudai |
| 29:04 | Queue | Mangudai |
| 29:20 | Queue | Mangudai |
| 29:21 | Queue | Mangudai |
| 29:24 | Build | Farm |
| 29:25 | Build | Farm |
| 29:30 | Build | House |
| 29:39 | Queue | Villager (Male) |
| 29:39 | Queue | Villager (Male) |
| 29:41 | Queue | Villager (Male) |
| 29:43 | Build | Farm |
| 29:43 | Build | Farm |
| 29:58 | Queue | Mangudai |
| 29:58 | Queue | Mangudai |
| 30:08 | Queue | Mangudai |
| 30:08 | Queue | Mangudai |
| 30:10 | Build | House |
| 30:22 | Queue | Mangudai |
Match timeline
| 8:21 | PJtheDcoy · wall_segment Palisade Wall x1 |
| 9:21 | PJtheDcoy · wall_segment Palisade Wall x1 |
| 9:39 | AAOMPY · wall_segment Palisade Wall x1 |
| 10:24 | PJtheDcoy · wall_segment Palisade Wall x2 |
| 10:55 | miguel_carl7s · first_building Barracks |
| 12:10 | miguel_carl7s · wall_segment Palisade Wall x4 |
| 12:13 | Fr4ggi · first_building Barracks |
| 12:14 | miguel_carl7s · wall_segment Palisade Wall x11 |
| 12:18 | miguel_carl7s · wall_segment Palisade Wall x4 |
| 12:40 | Fr4ggi · age_up feudal |
| 12:47 | 1811.furia · age_up feudal |
| 13:01 | PJtheDcoy · first_building Barracks |
| 13:09 | miguel_carl7s · age_up feudal |
| 13:32 | Fr4ggi · first_building Stable |
| 13:33 | Quando · wall_segment Palisade Wall x1 |
| 13:34 | miguel_carl7s · first_building Archery Range |
| 13:35 | PJtheDcoy · age_up feudal |
| 13:37 | 1811.furia · first_market_sell 100 wood |
| 13:39 | Quando · wall_segment Palisade Wall x1 |
| 13:40 | Quando · wall_segment Palisade Wall x1 |
| 13:44 | Quando · wall_segment Palisade Wall x1 |
| 13:44 | Quando · wall_segment Palisade Wall x1 |
| 13:50 | Quando · wall_segment Palisade Wall x1 |
| 13:51 | Quando · age_up feudal |
| 13:52 | Quando · wall_segment Palisade Wall x1 |
| 14:10 | PJtheDcoy · first_building Archery Range |
| 14:15 | AAOMPY · age_up feudal |
| 14:42 | Quando · wall_segment Palisade Wall x1 |
| 14:43 | Quando · wall_segment Palisade Wall x1 |
| 14:48 | 1811.furia · wall_segment Palisade Wall x1 |
| 14:52 | 1811.furia · wall_segment Palisade Wall x1 |
| 14:57 | Quando · wall_segment Palisade Wall x2 |
| 15:01 | Quando · wall_segment Palisade Wall x1 |
| 15:03 | Quando · wall_segment Palisade Wall x1 |
| 15:07 | PJtheDcoy · wall_segment Palisade Wall x1 |
| 15:08 | 1811.furia · wall_segment Palisade Wall x1 |
| 15:11 | PJtheDcoy · wall_segment Palisade Wall x1 |
| 15:17 | AAOMPY · first_market_sell 100 food |
| 16:25 | 1811.furia · age_up castle |
| 16:38 | 1811.furia · first_building Castle |
| 16:50 | 1811.furia · wall_segment Palisade Wall x1 |
| 16:53 | 1811.furia · wall_segment Palisade Wall x1 |
| 17:03 | PJtheDcoy · wall_segment Palisade Wall x7 |
| 17:05 | Quando · wall_segment Palisade Wall x1 |
| 17:06 | Quando · wall_segment Palisade Wall x1 |
| 17:28 | Quando · age_up castle |
| 18:14 | AAOMPY · age_up castle |
| 18:24 | AAOMPY · first_building Castle |
| 18:48 | PJtheDcoy · wall_segment Palisade Wall x1 |
| 19:03 | PJtheDcoy · wall_segment Palisade Wall x5 |
| 19:19 | Quando · first_market_sell 100 food |
| 19:20 | Quando · first_market_buy 100 stone |
| 19:38 | Quando · first_building Castle |
| 20:48 | miguel_carl7s · first_market_buy 100 food |
| 20:51 | PJtheDcoy · wall_segment Palisade Wall x9 |
| 22:33 | AAOMPY · tribute_sent a jugador 1 |
| 22:33 | AAOMPY · tribute_sent a jugador 2 |
| 22:33 | AAOMPY · tribute_sent a jugador 3 |
| 22:33 | AAOMPY · tribute_sent a jugador 4 |
| 22:33 | AAOMPY · tribute_sent a jugador 5 |
| 23:22 | miguel_carl7s · first_market_sell 100 wood |
| 23:38 | miguel_carl7s · age_up castle |
| 25:09 | Fr4ggi · age_up castle |
| 25:56 | PJtheDcoy · age_up castle |
| 27:27 | PJtheDcoy · first_building Castle |
| 28:40 | 1811.furia · first_market_buy 100 wood |
| 28:42 | 1811.furia · first_building Barracks |
| 30:14 | 1811.furia · first_building Stable |
| 30:41 | AAOMPY · first_building Barracks |
| 32:07 | 1811.furia · wall_segment Stone Wall x14 |
| 32:10 | 1811.furia · wall_segment Stone Wall x10 |
| 32:49 | AAOMPY · first_building Stable |
| 33:21 | 1811.furia · wall_segment Stone Wall x8 |
| 33:22 | PJtheDcoy · first_building Siege Workshop |
| 33:42 | AAOMPY · first_building Monastery |
| 33:47 | 1811.furia · wall_segment Stone Wall x17 |
| 33:47 | Quando · wall_segment Palisade Wall x4 |
| 33:57 | 1811.furia · wall_segment Stone Wall x7 |
| 33:58 | 1811.furia · wall_segment Stone Wall x7 |
| 35:01 | 1811.furia · wall_segment Stone Wall x14 |
| 35:01 | Fr4ggi · first_building Siege Workshop |
| 36:30 | Quando · first_building Siege Workshop |
| 37:06 | AAOMPY · first_market_buy 100 food |
| 38:02 | AAOMPY · first_building Archery Range |
| 38:50 | PJtheDcoy · first_market_sell 100 wood |
| 39:03 | 1811.furia · first_building Archery Range |
| 39:04 | PJtheDcoy · first_building Monastery |
| 40:21 | AAOMPY · age_up imperial |
| 40:35 | miguel_carl7s · first_building Castle |
| 41:48 | 1811.furia · age_up imperial |
| 42:03 | PJtheDcoy · age_up imperial |
| 43:40 | PJtheDcoy · first_building Stable |
| 43:55 | Fr4ggi · age_up imperial |
| 44:42 | Fr4ggi · first_building Castle |
| 46:36 | Quando · age_up imperial |
| 49:11 | miguel_carl7s · resign |
| 49:25 | Quando · first_building Barracks |
| 50:26 | Quando · first_building Stable |
| 53:09 | Quando · first_building Archery Range |
| 54:36 | 1811.furia · tribute_sent a jugador 1 |
| 54:36 | 1811.furia · tribute_sent a jugador 2 |
| 54:36 | 1811.furia · tribute_sent a jugador 3 |
| 54:36 | 1811.furia · tribute_sent a jugador 5 |
| 54:36 | 1811.furia · tribute_sent a jugador 6 |
[ AI ANALYSIS · 1 CREDIT ]
What really happened in this match?
Wolo.gg analyzes every decision: build order, eco, micro, common mistakes by bracket. Personalized analysis on WhatsApp or Discord in 30 seconds.
Civ guide
Malians
Perfil
Jugador #1083245